 Dungeon Crawl Stone Soup version 0.26-a0-850-g97a50ab700 (webtiles) character file.

Game seed: 11879031182011483722

46 miscthings the Ruffian (level 3, -1/28 HPs)
             Began as a Hill Orc Transmuter on Nov 20, 2020.
             Slain by a jackal (2 damage)
             ... on level 2 of the Dungeon.
             The game lasted 00:02:02 (1033 turns).

miscthings the Ruffian (Hill Orc Transmuter)        Turns: 1033, Time: 00:02:03

Health: -1/28      AC:  3    Str: 13    XL:     3   Next: 66%
Magic:  5/5        EV:  8    Int: 13    God:
Gold:   104        SH:  6    Dex: 11    Spells: 4/5 levels left

rFire    . . .     SeeInvis .     - Unarmed
rCold    + . .     Faith    .   n - +0 kite shield
rNeg     . . .     Spirit   .   h - +0 leather armour
rPois    .         Reflect  .   (no helmet)
rElec    .         Harm     .   (no cloak)
rCorr    .         Rampage  .   (no gloves)
MR       .....                  (no boots)
Stlth    +.........             (no amulet)
HPRegen  0.09/turn              c - ring of protection from cold
MPRegen  0.09/turn              (no ring)

@: no status effects
A: no striking features
a: no special abilities


You were on level 2 of the Dungeon.
You visited 1 branch of the dungeon, and saw 2 of its levels.

You collected 104 gold pieces.

Inventory:

Hand Weapons
 i - a +1 dagger of holy wrath
Missiles
 g - 2 throwing nets (quivered)
Armour
 h - a +0 leather armour (worn)
 n - a +0 kite shield (worn)
Jewellery
 c - a ring of protection from cold (left hand)
Scrolls
 a - a scroll of teleportation
 b - 2 scrolls of identify {@r1}
 f - a scroll of blinking {unknown}
 k - a scroll of remove curse
 l - a scroll of fear {unknown}
Potions
 d - a potion of curing
 e - a potion of invisibility
 j - a potion of brilliance {unknown}
 m - a potion of haste {unknown}


   Skills:
 - Level 1.2 Fighting
 - Level 1.5 Dodging
 + Level 5.0 Unarmed Combat
 - Level 1.5 Spellcasting
 - Level 1.3 Transmutations


You had 4 spell levels left.
You knew the following spells:

 Your Spells              Type           Power        Failure   Level
a - Beastly Appendage     Tmut           #.....       80%         1

Your spell library contained the following spells:

 Spells                   Type           Power        Failure   Level
 Wereblood                Tmut           #.......     90%         2
 Spider Form              Tmut/Pois      #.........   99%         3
 Ice Form                 Ice/Tmut       #.......     100%        4
 Blade Hands              Tmut           #.........   100%        5


Dungeon Overview and Level Annotations

Branches:
Dungeon (2/15)

Altars:


Message History

The jackal bites you but does no damage.
You feel better.
The jackal bites you but does no damage.
The jackal completely misses you.
The jackal bites you but does no damage.
You punch the jackal!
You kill the jackal!
The jackal closely misses you. The jackal bites you.
* * * LOW HITPOINT WARNING * * *
The jackal bites you.
* * * LOW HITPOINT WARNING * * *
You see here a jackal corpse.
A gnoll comes into view.
Found a stone staircase leading down.
Okay, then.
A gnoll comes into view. It is wielding a +0 spear.
A hobgoblin comes into view.
The jackal bites you.
You die...

##..".........# #.#. ...
#...........)# #.## #...
#............# #... #...
#............###.##
.....#............#.....
.....#..#...............
.....h...#.....#.........
.....#...#.....#.........
.... #..@#.....#.........
... #?$h##†##.####...###
.. #...h†.# ..# #...# .
#...#### .......# ##..#
......# #.># #.gg ....
g##..


You could see a gnoll, 3 jackals and a hobgoblin.

Vanquished Creatures
  Natasha (D:2)
  2 dart slugs (D:1)
  2 bats (D:1)
  4 goblins
  A jackal (D:2)
  3 kobolds (D:1)
  3 frilled lizards
  A rat (D:1)
17 creatures vanquished.

Notes
Turn   | Place    | Note
-------+----------+-------------------------------------------
     0 | D:1      | miscthings the Hill Orc Transmuter began the quest for the
                  | Orb.
     0 | D:1      | Reached XP level 1. HP: 16/16 MP: 3/3
   124 | D:1      | Reached XP level 2. HP: 23/23 MP: 4/4
   240 | D:1      | Reached skill level 4 in Unarmed Combat
   998 | D:2      | Noticed Natasha
  1001 | D:2      | Noticed a crimson imp
  1020 | D:2      | Killed Natasha
  1021 | D:2      | Reached skill level 5 in Unarmed Combat
  1021 | D:2      | Reached XP level 3. HP: 3/28 MP: 5/5
  1027 | D:2      | HP: 1/28 [jackal (3)]
  1033 | D:2      | Slain by a jackal

Illustrated notes

Levels and vault maps discovered:
D:1:      tarquinn_simple_flora_water_e, layout_basic
D:2:      layout_basic, minmay_misc_feat_cross, uniq_natasha,
          uniq_crazy_yiuf_cottage

Skill      XL: |  1  2 |
---------------+-------+-----
Unarmed Combat | 5 |  5.0
Fighting       | |  1.2
Dodging        | |  1.5
Spellcasting   | |  1.5
Transmutations | |  1.3

Action                   || total
-------------------------++-------
Melee: Unarmed           ||    67
       Kick              ||     5
       Headbutt          ||     4
 Cast: Beastly Appendage ||     7
  Use: Scroll            ||     4
       Potion            ||     2
 Stab: Sleeping          ||     1
Armor: Robe              ||     5
       Leather armour    ||    16
Dodge: Dodged            ||    38
Block: Kite shield       ||    13

Table legend: (Time is in decaauts)
 A = Elapsed time spent in this place.
 B = Non-inter-level travel time spent in this place.
 C = Inter-level travel time spent in this place.
 D = Time resting spent in this place.
 E = Time spent auto-exploring this place.
 F = Levels seen in this place.
 G = Mean time per level.
                   A        B        C        D        E       F      G
               +--------+--------+--------+--------+--------+-----+--------+
         Total |   1029 |    958 |     71 |    112 |    606 |   2 |  514.5 |
       Dungeon |   1029 |    958 |     71 |    112 |    606 |   2 |  514.5 |
               +--------+--------+--------+--------+--------+-----+--------+

Top non-repeatable levels by time:
     D:1: 917 daAuts
     D:2: 112 daAuts
